 Dungeon Crawl Stone Soup version 0.29-a0-289-g2178c42546 (webtiles) character file.

Game seed: 15178693569088907864

2438 Dabor the Skirmisher (level 9, -12/56 HPs)
             Began as a Gargoyle Fighter on Mar 17, 2022.
             Was a Believer of Okawaru.
             Mangled by a cyclops (19 damage)
             ... on level 7 of the Dungeon.
             The game lasted 00:11:35 (6480 turns).

Dabor the Skirmisher (Gargoyle Fighter)             Turns: 6480, Time: 00:11:36

Health: -12/56     AC: 17    Str: 24    XL:     9   Next: 49%
Magic:  11/12      EV: 12    Int:  9    God:    Okawaru [**....]
Gold:   199        SH:  6    Dex:  9    Spells: 8/8 levels left

rFire   + . .      SeeInvis .   r - +3 mace
rCold   + . .      Faith    .   c - +0 buckler
rNeg    + . .      Spirit   .   b - +0 scale mail
rPois   ∞          Reflect  .   (no helmet)
rElec   +          Harm     .   t - scarf {rC+ rF+}
rCorr   .          Rampage  .   y - +0 pair of gloves
Will    .....                   (no boots)
Stlth   +.........              u - amulet of regeneration
HPRegen 0.98/turn               m - ring of flight
MPRegen 0.13/turn               (no ring)

@: heroic, flying, slowed, very slow
A: sickness immunity, AC +6, negative energy resistance 1, electricity
resistance, torment resistance 1, petrification resistance
a: Renounce Religion, Heroism


You were on level 7 of the Dungeon.
You worshipped Okawaru.
Okawaru was pleased with you.
You visited 2 branches of the dungeon, and saw 8 of its levels.

You collected 297 gold pieces.
You spent 98 gold pieces at shops.

Inventory:

Hand Weapons
 a - a +0 flail
 i - a +2 mace of holy wrath
 r - a +3 mace (weapon)
Armour
 b - a +0 scale mail (worn)
 c - a +0 buckler (worn)
 t - a scarf of resistance (worn)
 y - a +0 pair of gloves (worn)
Jewellery
 m - a ring of flight (left hand)
 p - an amulet of guardian spirit
 u - an amulet of regeneration (around neck)
Wands
 q - a wand of charming (17)
 v - a wand of iceblast (7)
 x - a wand of flame (9)
Scrolls
 d - a scroll of noise
 e - 3 scrolls of magic mapping
 f - 2 scrolls of fog
 h - 2 scrolls of amnesia
 k - 2 scrolls of identify
 n - a scroll of vulnerability
 B - a scroll of immolation
 C - 3 scrolls of enchant armour
 E - a scroll of teleportation
Potions
 g - a potion of curing
 j - 2 potions of ambrosia
 l - 4 potions of haste {unknown}
 o - 2 potions of mutation {unknown}
 s - a potion of lignification {unknown}
 w - a potion of cancellation {unknown}
 z - a potion of attraction {unknown}
 A - a potion of brilliance {unknown}
 D - 2 potions of heal wounds {unknown}


   Skills:
 + Level 6.8(11.8) Fighting
 + Level 5.7(10.7) Maces & Flails
 + Level 6.8(11.8) Armour
 + Level 3.3(8.3) Dodging
 - Level 4.8(9.8) Shields
 + Level 4.3 Invocations
 + Level 3.7 Evocations


You had 8 spell levels left.
You didn't know any spells.
Your spell library was empty.

Dungeon Overview and Level Annotations

Branches:
Dungeon (7/15)             Temple (1/1) D:5

Altars:
Ashenzari
Cheibriados
Dithmenos
Gozag
Okawaru
Vehumet
Yredelemnul

Shops:
D:5 ?


Innate Abilities, Weirdness & Mutations

You are immune to sickness and miasma.
Your stone body is resilient. (AC +6)
You are immune to poison.
You resist negative energy. (rN+)
You are resistant to electric shocks. (rElec)
You are resistant to unholy torment.
You are immune to petrification.


Message History

Here: a cyclops, quivering large rocks The floor.
You hit the wraith.
You destroy the wraith!
Okawaru accepts your kill.
The cyclops throws a large rock.
The large rock hits you!
You are confused.
You feel invigorated.
You feel like a meek peon again.
You bump into the metal wall.
The cyclops hits you!!
Okay, then.
You feel less invigorated.
You feel less confused. You block the cyclops's attack.
You sock the cyclops!
The cyclops is lightly wounded.
The cyclops closely misses you.
You hit the cyclops.
The cyclops is moderately wounded.
The cyclops hits you!!
* * * LOW HITPOINT WARNING * * *
You gain the combat prowess of a mighty hero.
You block the cyclops's attack.
You sock the cyclops!
The cyclops is heavily wounded.
The cyclops hits you!
* * * LOW HITPOINT WARNING * * *
You hit the cyclops.
The cyclops is heavily wounded.
The cyclops closely misses you.
You hit the cyclops but do no damage.
The cyclops is heavily wounded.
The cyclops misses you.
You thump the cyclops!
The cyclops is severely wounded.
The cyclops hits you but does no damage.
You thump the cyclops!
The cyclops is severely wounded.
The cyclops hits you!!
You die...

###....#...##.#.#.#.####...)#####
###..#####.#.#)#.#..##...).....
####..).##.#.#.#.##.#....#####
#.####..#.#.#.#####.#..###
.#..####.#.#.####..##..#
##.C..###.######.[.##..#
.......W######..#..##..#
##....##.##..#..#..##..# .#..#
##C.#C@#..#.# #W# ####..#..#.# #
##..#..## ####..# ##.. ### ###
##.. #..# ....


You could see a cyclops.

Vanquished Creatures
  A hornet (D:7)
  A shadow (D:7)
  A wraith (D:7)
  Eustachio (D:6)
  A steam dragon (D:7)
  3 sky beasts
  An ogre (D:7)
  2 centaurs
  A kobold brigand (D:7)
  3 necrophages
  2 bullfrogs
  4 scorpions
  3 hounds
  3 orc priests
  A gnoll shaman (D:6)
  An iguana (D:7)
  3 orc wizards
  3 gnolls
  6 adders
  2 white imps
  An ufetubus (D:6)
  2 worms
  3 dart slugs
  21 orcs
  6 ball pythons
  4 bats
  9 endoplasms
  A giant cockroach (D:1)
  9 goblins
  8 hobgoblins
  7 jackals
  4 quokkas
  4 frilled lizards (D:1)
  14 kobolds
  5 rats
141 creatures vanquished.

Vanquished Creatures (others)
  An endoplasm (D:4)
1 creature vanquished.

Grand Total: 142 creatures vanquished

Notes
Turn   | Place    | Note
-------+----------+-------------------------------------------
     0 | D:1      | Dabor the Gargoyle Fighter began the quest for the Orb.
     0 | D:1      | Reached XP level 1. HP: 14/14 MP: 1/1
    93 | D:1      | Reached XP level 2. HP: 17/19 MP: 2/2
   414 | D:1      | Reached XP level 3. HP: 10/23 MP: 3/3
  1941 | D:3      | Noticed a sky beast
  1948 | D:3      | Killed a sky beast
  1949 | D:3      | Reached XP level 4. HP: 23/29 MP: 4/4
  1949 | D:3      | Reached XP level 5. HP: 26/33 MP: 5/5
  2507 | D:3      | Found a faded altar of an unknown god.
  3137 | D:4      | Reached XP level 6. HP: 27/39 MP: 6/6
  3736 | D:4      | Found an iron altar of Okawaru.
  3762 | D:4      | Became a worshipper of Warmaster Okawaru
  4209 | D:5      | Entered Level 5 of the Dungeon
  4209 | D:5      | Found Xeer Aro's Magic Scroll Boutique.
  4226 | D:5      | Bought a scroll of identify for 28 gold pieces
  4226 | D:5      | Bought a scroll of identify for 28 gold pieces
  4226 | D:5      | Bought a scroll of teleportation for 42 gold pieces
  4242 | D:5      | Found a staircase to the Ecumenical Temple.
  4272 | D:5      | Reached skill level 5 in Fighting
  4340 | D:5      | Reached XP level 7. HP: 41/44 MP: 7/7
  4422 | D:5      | Reached skill level 5 in Armour
  4540 | D:5      | Found a shadowy altar of Dithmenos.
  4542 | D:5      | Found an opulent altar of Gozag.
  4549 | D:5      | Found a snail-covered altar of Cheibriados.
  4798 | D:5      | Found a basalt altar of Yredelemnul.
  4830 | D:5      | Reached skill level 1 in Invocations
  4830 | D:5      | Reached skill level 1 in Evocations
  4934 | D:5      | Found a broken altar of Ashenzari.
  4993 | Temple   | Entered the Ecumenical Temple
  5054 | D:6      | Reached skill level 1 in Dodging
  5348 | D:6      | Reached * piety under Okawaru
  5525 | D:6      | Reached XP level 8. HP: 47/50 MP: 9/9
  5573 | D:6      | Noticed Eustachio
  5617 | D:6      | Killed Eustachio
  6035 | D:7      | Noticed a gargoyle
  6073 | D:7      | Found a radiant altar of Vehumet.
  6170 | D:7      | Reached skill level 5 in Maces & Flails
  6264 | D:7      | Reached ** piety under Okawaru
  6265 | D:7      | Reached XP level 9. HP: 56/56 MP: 11/11
  6358 | D:7      | Noticed a hornet
  6367 | D:7      | Killed a hornet
  6444 | D:7      | Noticed a cyclops
  6476 | D:7      | HP: 2/56 [cyclops (14)]
  6480 | D:7      | Mangled by a cyclops

Illustrated notes

Levels and vault maps discovered:
D:1:      lightli_arrival_lavapool, layout_rooms, minmay_pentomino_s4
D:2:      layout_basic
D:3:      corexii_shack_village, layout_loops_ring,
          hellmonk_ecumenical_altar_leap_of_faith
D:4:      layout_cave_pods, okawaru_gym_becter, lemuel_old_faithful
D:5:      layout_gridville, mainiacjoe_overflow_swirl,
          grunt_temple_overflow_diamond, minmay_temple_entry_purple_smoke,
          serial_shops, nicolae_shop_window_shopping, serial_bayou_lagoon_a
D:6:      layout_loops_cross, uniq_eustachio
D:7:      minmay_the_grid_triangle_9x9_rhombus_full
          [minmay_the_grid_triangle_9x9_intruding_spiral,
          minmay_the_grid_triangle_9x9_warning,
          minmay_the_grid_triangle_9x9_from_above,
          minmay_the_grid_triangle_9x9_checkered,
          minmay_the_grid_triangle_9x9_odd_lines,
          minmay_the_grid_triangle_9x9_longest,
          minmay_the_grid_triangle_9x9_alien,
          minmay_the_grid_triangle_9x9_prize_center], layout_loops_corners,
          amethyst_overflow_temple_binary, mainiacjoe_overflow_tiny_flanked,
          nicolae_vehumet_radiance, minmay_chambers_of_fives,
          uniq_prince_ribbit1, uniq_menkaure
Temple:   jpeg_temple_island

Skill      XL: |  1  2  3  4  5  6  7  8  9 |
---------------+----------------------------+-----
Fighting       | 4 5 6 |  6.8
Maces & Flails | 3 4 5 |  5.7
Armour         | 4 5 6 |  6.8
Shields        | 4 |  4.8
Invocations    | 2 3 4 |  4.3
Evocations     | 1 3 |  3.7
Dodging        | 1 2 3 |  3.3

Action                   |  1- 3 |  4- 6 |  7- 9 || total
-------------------------+-------+-------+-------++-------
Melee: Flail             |    76 |       |       ||    76
       Mace              |    53 |   153 |   309 ||   515
Throw: Javelin           |       |     2 |     4 ||     6
Invok: Heroism           |       |       |     5 ||     5
  Use: Potion            |     1 |       |     4 ||     5
       Scroll            |       |       |    10 ||    10
Armor: Scale mail        |    82 |   104 |   263 ||   449
Dodge: Dodged            |    85 |    93 |   232 ||   410
Block: Buckler           |    36 |    40 |    90 ||   166

Table legend: (Time is in decaauts)
 A = Elapsed time spent in this place.
 B = Non-inter-level travel time spent in this place.
 C = Inter-level travel time spent in this place.
 D = Time resting spent in this place.
 E = Time spent auto-exploring this place.
 F = Levels seen in this place.
 G = Mean time per level.
                   A        B        C        D        E       F      G
               +--------+--------+--------+--------+--------+-----+--------+
         Total |   6633 |   6309 |    324 |     64 |   4879 |   8 |  829.1 |
       Dungeon |   6631 |   6308 |    323 |     64 |   4879 |   7 |  947.3 |
        Temple |      1 |      0 |      1 |      0 |      0 |   1 |    1.0 |
               +--------+--------+--------+--------+--------+-----+--------+

Top non-repeatable levels by time:
     D:1: 1385 daAuts
     D:4: 1215 daAuts
     D:3: 1096 daAuts
     D:6: 980 daAuts
     D:5: 891 daAuts
     D:2: 593 daAuts
     D:7: 470 daAuts
  Temple: 1 daAuts
